 Dungeon Crawl Stone Soup version 0.28.0 (webtiles) character file.

Game seed: 11162449975092802887

16879 jfcaron the Summoner (level 12, -8/103 (106) HPs)
             Began as a Barachi Summoner on Feb 12, 2022.
             Was a Believer of Ashenzari.
             Mangled by a death yak simulacrum (31 damage)
             ... animated by a necromancer
             ... in a Gauntlet.
             The game lasted 00:59:23 (14827 turns).

jfcaron the Summoner (Barachi Summoner)            Turns: 14827, Time: 00:59:24

HP:   -8/103 (106)  AC: 13    Str: 11    XL:     12   Next: 42%
MP:   12/20         EV: 17    Int: 19    God:    Ashenzari [**....]
Gold: 637           SH:  5    Dex: 12    Spells: 6/21 levels left

rFire   . . .      SeeInvis +   U - +0 trident
rCold   . . .      Faith    .   P - +0 buckler "Chained Together" {rPois Int+2 Dex-3, Self, Bglg} (curse)
rNeg    . . .      Spirit   .   b - +0 troll leather armour
rPois   +          Reflect  .   M - +1 helmet
rElec   .          Harm     .   p - +2 cloak of Ashenzari's Seeker {Alch, Comp} (curse)
rCorr   .          Rampage  .   R - +0 pair of gloves
Will    .....      NoTele   +   K - +0 pair of boots
Stlth   ++........              (no amulet)
HPRegen 1.07/turn               n - ring of Supernal Gnosis {EV+4, Cun, Comp} (curse)
MPRegen 0.17/turn               (no ring)

@: unable to hop, lightly drained, slow
A: amphibious, slowness 1, strong legs 1, +LOS
a: Hop, Renounce Religion, Curse Item, Shatter the Chains


You were in a Gauntlet.
You worshipped Ashenzari.
Ashenzari was pleased with you.
You visited 3 branches of the dungeon, and saw 13 of its levels.
You also visited: Gauntlet.

You collected 637 gold pieces.

Inventory:

Hand Weapons
 l - the +7 mace of the Boar {elec, rElec rC+}
   (You found it on level 9 of the Dungeon)

   It occasionally discharges a powerful burst of electricity upon striking a
   foe.
   rC:        It protects you from cold.
   rElec:     It insulates you from electricity.
 D - a +1 long sword of holy wrath
 L - a +0 dagger of venom
 U - a +0 trident (weapon)
Missiles
 c - 4 throwing nets {!f}
 h - 364 stones
 m - 2 boomerangs
 v - 3 curare-tipped darts {!f}
 z - 16 poisoned darts (quivered)
 H - 2 javelins
Armour
 b - a +0 troll leather armour (worn)
 f - the +4 cloak of the Flute {MP+9}
   (You found it in a Gauntlet)

   MP:        It affects your magic capacity (+9).
 p - the cursed +2 cloak of Ashenzari's Seeker (worn) {Alch, Comp}
   (You found it on level 5 of the Dungeon)

   It has a curse which improves the following skills: Alchemy: Poison Magic and
   Transmutations.
   Companions: Summonings and Necromancy.
 E - the +2 hat of Kuuna {rCorr}
   (You found it in a Gauntlet)

   rCorr:     It protects you from acid and corrosion.
 K - a +0 pair of boots (worn)
 M - a +1 helmet (worn)
 P - the cursed +0 buckler "Chained Together" (worn) {rPois Int+2 Dex-3, Self, Bglg}
   (You acquired it on level 6 of the Dungeon)

   Int:       It affects your intelligence (+2).
   Dex:       It affects your dexterity (-3).
   rPois:     It protects you from poison.
   It has a curse which improves the following skills: Introspection: Fighting
   and Spellcasting.
   Beguiling: Conjurations, Hexes and Translocations.
 R - a +0 pair of gloves (worn)
 Z - +0 acid dragon scales
Jewellery
 n - the cursed ring of Supernal Gnosis (left hand) {EV+4, Cun, Comp}
   (You found it on level 4 of the Dungeon)

   [ring of evasion]

   EV:        It affects your evasion (+4).
   It has a curse which improves the following skills: Cunning: Dodging and
   Stealth.
   Companions: Summonings and Necromancy.
 u - a ring of resist corrosion
 A - a +4 ring of evasion
 C - a ring of protection from cold
 J - a ring of fire
Wands
 w - a wand of paralysis (5)
 G - a wand of polymorph (7)
 Q - a wand of flame (8)
 S - a wand of digging (9)
 T - a wand of mindburst (12)
 W - a wand of iceblast (11)
Scrolls
 a - a scroll of amnesia
 y - 3 scrolls of fog
 N - 3 scrolls of teleportation
 O - a scroll of immolation
 X - a scroll of magic mapping
 Y - a scroll of fear
Potions
 e - 6 potions of lignification
 i - 2 potions of haste
 j - a potion of brilliance
 k - a potion of ambrosia
 o - 2 potions of flight
 q - 3 potions of curing
 r - 2 potions of degeneration
 s - a potion of might
 t - a potion of invisibility
 x - a potion of attraction
 B - 2 potions of mutation
 I - 2 potions of magic
Miscellaneous
 d - a lightning rod (4/4)
 F - a piece from Xom's chessboard (15/15)


   Skills:
 + Level 12.7(13.9) Fighting
 - Level 5.0 Maces & Flails
 - Level 5.1 Polearms
 + Level 6.1 Armour
 + Level 5.6(6.8) Dodging
 - Level 2.2(3.2) Stealth
 - Level 4.0 Shields
 - Level 4.2(5.4) Spellcasting
 + Level 14.8(16.6) Summonings
 - Level 2.6(3.7) Translocations
 - Level 3.0 Air Magic


You had 6 spell levels left.
You knew the following spells:

 Your Spells              Type           Power      Damage    Failure   Level
a - Summon Small Mammal   Summ           100%       N/A       1%          1
b - Call Imp              Summ           62%        N/A       1%          2
c - Call Canine Familiar  Summ           62%        N/A       1%          3
d - Summon Guardian Gole  Hex/Summ       36%        N/A       1%          3
e - Summon Lightning Spi  Summ/Air       42%        N/A       3%          4
f - Blink                 Tloc           38%        N/A       7%          2

Your spell library contained the following spells:

 Spells                   Type           Power      Damage    Failure   Level
 Lesser Beckoning         Tloc           19%        N/A       13%         3
 Slow                     Hex            20%        N/A       19%         1
 Vampiric Draining        Necr           6%         2d6       47%         3
 Confusing Touch          Hex            5%         N/A       50%         3
 Conjure Flame            Conj/Fire      5%         6-21      50%         3
 Ignite Poison            Fire/Tmut/Pois 5%         N/A       50%         3
 Ozocubu's Armour         Ice            5%         N/A       52%         3
 Manifold Assault         Tloc           19%        N/A       77%         5
 Sticky Flame             Conj/Fire      5%         2d3       88%         4
 Ozocubu's Refrigeration  Ice            2%         4d5       100%        7
 Borgnjor's Revivificati  Necr           3%         N/A       100%        8


Dungeon Overview and Level Annotations

Branches:
Dungeon (10/15)            Temple (1/1) D:5            Lair (2/6) D:8
Gauntlet (1/1)
  Swamp: Lair:2-4    Shoals: Lair:2-4     Snake: Lair:2-4    Spider: Lair:2-4
    Orc: D:9-12

Altars:
Ashenzari
Cheibriados
Dithmenos
Elyvilon
Fedhas
Gozag
Hepliaklqana
Kikubaaqudgha
Makhleb
Nemelex Xobeh
Okawaru
Qazlal
Ru
Sif Muna
Trog
Uskayaw
Vehumet
Wu Jian
Xom
Yredelemnul
Zin
The Shining One

Shops:
D:5 (

Annotations:
Lair:2 !wyvern and rime drake waiting Gauntlet 12 transporters


Innate Abilities, Weirdness & Mutations

You are amphibious.
You cover ground slowly.
You can hop short distances.
You have an extended range of vision and can be seen from far away.


Message History

Casting: Call Canine Familiar (safe; 1% risk of failure)
Confirm with . or Enter, or press ? or * to list all spells.
A metallic apparition takes form in the air.
The death yak's soul is no longer bound.
The necromancer gestures wildly while chanting.
The necromancer binds the souls of nearby monsters.
Your warg completely misses the death yak.
The death yak gores you.
* * * LOW HITPOINT WARNING * * *
Your lightning spire shoots out a bolt of lightning at the death yak!
The bolt of electricity hits the death yak!
The bolt of electricity hits the necromancer!
Unknown command.
Hop to where?
Press: ? - help, Dir - move target Boing!
The death yak's soul is no longer bound.
Your warg bites the death yak!
The death yak gores your lightning spire but does no damage.
The necromancer closely misses your warg.
You are too injured to fight recklessly!
Reach: U) +0 trident
Press: ? - help, Dir - move target, f - death yak
Aim: a death yak (severely wounded, soul bound, ally target, about 19% to evade your +0 trident)
You could not reach far enough!
Your warg bites the death yak!
Your iron imp hits the death yak!
The death yak gores your warg!
Your lightning spire shoots out a bolt of lightning at the death yak!
The bolt of electricity hits the death yak!
The death yak dies!
A freezing mist starts to gather...
The necromancer gestures wildly while chanting.
The necromancer binds the souls of nearby monsters.
Your Armour skill increases to level 6!
A death yak simulacrum comes into view.
You hit the death yak simulacrum but do no damage.
Your iron imp hits the death yak simulacrum.
You remove your +4 ring of evasion.
The death yak simulacrum gores you!
* * * LOW HITPOINT WARNING * * *
The death yak simulacrum freezes you!!
You die...

* * **#** * , , . ###, ##.** ,...
... ... * * #.# #.# #.#
#####.###.###.#####
#≈....h..........§# ### ###
####8..©Z5.©.©.©.©..8#### #8# #8#
#8##≈...@8p.........≈##8#
#################################
...................≈§§§..........
.....................§...........
########.###########.###########.
#[©.[.##.#....YYY..#.#t.[.©$)..#.
!#.##..#.#.#...###.#.#h..#.#...#.
.####.##.#.#.#...#.#.#....#....#.
###....#.#...###...#.#.#..#..#.#.


You could see 3 death yaks, a fire crab, a necromancer, a hell hound, a death
yak simulacrum (ally target), a friendly warg (summoned), a friendly lightning
spire (summoned) and a friendly iron imp (summoned).

Vanquished Creatures
  2 two-headed ogres (D:9)
  A centaur warrior (D:9)
  A death yak (Gauntlet)
  A skeletal warrior (D:9)
  4 centaur zombies
  A molten gargoyle (Lair:1)
  4 cane toads (Lair:1)
  Maggie (Lair:1)
  An unseen horror (D:10)
  A yaktaur (shapeshifter) (D:9)
  2 komodo dragons (Lair:1)
  3 trolls
  2 hornets (D:10)
  A slime creature (D:9)
  A wyvern (Lair:1)
  2 wraiths
  27 yaks
  2 basilisks
  Menkaure (D:6)
  Edmund (D:4)
  3 wargs (D:8)
  5 water moccasins
  3 small abominations (Gauntlet)
  2 orc warriors
  2 ice beasts
  2 black bears
  2 necrophages (D:6)
  3 ogres
  3 centaurs
  4 wolves (Lair:1)
  A kobold brigand (D:9)
  7 bullfrogs
  A wyvern zombie (D:9)
  4 scorpions
  A wyvern skeleton (D:6)
  A water moccasin zombie (D:5)
  A water moccasin skeleton (D:4)
  4 wights (D:7)
  2 electric eels (Lair:1)
  A nameless horror (D:4)
  4 howler monkeys
  2 jellies
  A bullfrog skeleton (D:6)
  2 hounds (D:6)
  3 orc priests (D:8)
  A centaur skeleton (D:6)
  A gnoll shaman (D:4)
  2 iguanas
  4 orc wizards (D:8)
  A killer bee zombie (D:6)
  A howler monkey zombie (D:9)
  9 gnolls
  5 adders
  A shadow imp (D:6)
  A white imp (D:7)
  An ufetubus (D:5)
  An adder skeleton (D:4)
  2 worms (D:2)
  2 dart slugs (D:2)
  27 orcs
  11 ball pythons
  10 endoplasms
  4 giant cockroaches
  17 goblins
  8 hobgoblins
  4 jackals (D:2)
  11 kobolds
  3 quokkas
  3 training dummies (D:5)
  4 bats
  6 frilled lizards
  10 rats
  21 demonic plants (Gauntlet)
  7 fungi
  19 plants
320 creatures vanquished.

Notes
Turn   | Place    | Note
-------+----------+-------------------------------------------
     0 | D:1      | jfcaron the Barachi Summoner began the quest for the Orb.
     0 | D:1      | Reached XP level 1. HP: 13/13 MP: 3/3
   271 | D:1      | Reached XP level 2. HP: 16/19 MP: 0/5
   274 | D:1      | Learned a level 2 spell: Call Imp
   275 | D:1      | Reached skill level 5 in Summonings
   571 | D:1      | Found a faded altar of an unknown god.
   729 | D:1      | Reached XP level 3. HP: 24/24 MP: 4/6
   733 | D:1      | Learned a level 3 spell: Call Canine Familiar
   998 | D:2      | Found a stormy altar of Qazlal.
  1295 | D:2      | Reached XP level 4. HP: 24/30 MP: 6/8
  1315 | D:2      | Learned a level 3 spell: Summon Guardian Golem
  2085 | D:3      | Reached skill level 6 in Summonings
  2457 | D:3      | Reached XP level 5. HP: 32/35 MP: 10/10
  3405 | D:4      | Noticed a water moccasin
  3410 | D:4      | Killed a water moccasin
  3411 | D:4      | Reached skill level 7 in Summonings
  3411 | D:4      | Reached XP level 6. HP: 40/41 MP: 5/12
  3416 | D:4      | Learned a level 4 spell: Summon Lightning Spire
  3509 | D:3      | Reached skill level 8 in Summonings
  4040 | D:4      | Noticed Edmund
  4267 | D:4      | Killed Edmund
  4268 | D:4      | Reached skill level 9 in Summonings
  4268 | D:4      | Reached XP level 7. HP: 31/46 MP: 1/13
  4580 | D:4      | Found a broken altar of Ashenzari.
  4597 | D:4      | Became a worshipper of Ashenzari the Shackled
  4936 | D:5      | Entered Level 5 of the Dungeon
  5115 | D:5      | Reached skill level 10 in Summonings
  5127 | D:5      | Reached skill level 1 in Fighting
  5127 | D:5      | Reached skill level 1 in Armour
  5127 | D:5      | Reached XP level 8. HP: 53/54 MP: 5/14
  5365 | D:5      | Found a staircase to the Ecumenical Temple.
  5376 | Temple   | Entered the Ecumenical Temple
  5755 | D:5      | Found Kekhoipn's Firing Range.
  6019 | D:6      | Identified a scroll of acquirement
  6019 | D:6      | Acquired the +0 buckler "Ydick" {rPois Int+2 Dex-3}
  6278 | D:6      | Reached skill level 1 in Shields
  6278 | D:6      | Reached skill level 1 in Air Magic
  6715 | D:6      | Reached skill level 11 in Summonings
  6715 | D:6      | Reached XP level 9. HP: 64/65 MP: 15/15
  7028 | D:6      | Found a snail-covered altar of Cheibriados.
  7029 | D:6      | Found a shimmering blue altar of Sif Muna.
  7033 | D:6      | Found a hazy altar of Hepliaklqana.
  7033 | D:6      | Found a radiant altar of Vehumet.
  7044 | D:6      | Found a stormy altar of Qazlal.
  7044 | D:6      | Found an ancient bone altar of Kikubaaqudgha.
  7143 | D:6      | Noticed Menkaure
  7162 | D:6      | Killed Menkaure
  7179 | D:6      | Identified the cursed +2 cloak of Ashenzari's Seeker {Alch,
                  | Comp} (You found it on level 5 of the Dungeon)
  7340 | D:6      | Found a glowing golden altar of the Shining One.
  7480 | D:7      | Reached skill level 5 in Fighting
  8304 | D:7      | Found a sparkling altar of Nemelex Xobeh.
  8446 | D:8      | Reached * piety under Ashenzari
  8450 | D:8      | Reached skill level 1 in Polearms
  8462 | D:8      | Reached skill level 12 in Summonings
  8481 | D:8      | Reached XP level 10. HP: 20/79 MP: 3/17
  8487 | D:8      | HP: 10/79 [yak (7)]
  8874 | D:8      | Found a staircase to the Lair.
  9363 | D:8      | Learned a level 2 spell: Blink
  9792 | D:8      | Reached skill level 1 in Translocations
  9794 | D:8      | Reached skill level 13 in Summonings
 10134 | D:9      | Noticed a two-headed ogre
 10142 | D:9      | Killed a two-headed ogre
 10143 | D:9      | Reached skill level 5 in Polearms
 10317 | D:9      | Noticed a two-headed ogre
 10328 | D:9      | Killed a two-headed ogre
 10329 | D:9      | Reached XP level 11. HP: 90/90 MP: 6/18
 10445 | D:9      | Reached skill level 14 in Summonings
 10464 | D:9      | Identified The Last Secrets of Magic
 10470 | D:9      | Identified the +7 mace of the Boar {elec, rElec rC+}
 10510 | D:9      | Noticed a centaur warrior
 10533 | D:9      | Noticed a skeletal warrior
 10538 | D:9      | Killed a centaur warrior
 10544 | D:9      | Killed a skeletal warrior
 11152 | D:9      | Reached skill level 10 in Fighting
 11186 | D:9      | Reached skill level 1 in Maces & Flails
 11345 | D:9      | Reached ** piety under Ashenzari
 11417 | D:10     | Entered Level 10 of the Dungeon
 12728 | Lair:1   | Entered Level 1 of the Lair of Beasts
 13137 | Lair:1   | Reached XP level 12. HP: 102/105 MP: 10/20
 13418 | Lair:1   | Reached skill level 5 in Armour
 13483 | Lair:1   | Noticed Maggie
 13511 | Lair:1   | Killed Maggie
 13512 | Lair:1   | Reached skill level 5 in Maces & Flails
 13613 | Lair:1   | Reached skill level 5 in Dodging
 13991 | Lair:2   | Found a gate leading to a gauntlet.
 13996 | Gauntlet | Entered a Gauntlet
 13996 | Gauntlet | Found a transporter.
 14028 | Gauntlet | Found a transporter.
 14043 | Gauntlet | Found a transporter.
 14048 | Gauntlet | Found a transporter.
 14059 | Gauntlet | Noticed a dire elephant
 14068 | Gauntlet | Found a transporter.
 14081 | Gauntlet | Identified the +8 dire flail "Ritworgh" {freeze, rF- Str+3
                  | SInv}
 14082 | Gauntlet | Found a transporter.
 14084 | Gauntlet | Identified the ring "Aqeis" {rF++ rN+ Str-4 Int+2 SInv}
 14094 | Gauntlet | Found a transporter.
 14104 | Gauntlet | Identified the +4 lajatang of Cowardice {spect, rN+ rCorr}
 14106 | Gauntlet | Found a transporter.
 14106 | Gauntlet | Noticed a death yak
 14106 | Gauntlet | Noticed a death yak
 14107 | Gauntlet | Noticed a death yak
 14107 | Gauntlet | Noticed a death yak
 14107 | Gauntlet | Identified the +4 cloak of the Flute {MP+9}
 14118 | Gauntlet | Found a transporter.
 14119 | Gauntlet | Identified the +1 hat "Ubuod" {rF+}
 14121 | Gauntlet | Noticed a quicksilver ooze
 14127 | Gauntlet | Noticed a reaper
 14130 | Gauntlet | Found a transporter.
 14147 | Gauntlet | Found a transporter.
 14164 | Gauntlet | Found a transporter.
 14166 | Gauntlet | Found a transporter.
 14187 | Gauntlet | Noticed a radroach
 14195 | Gauntlet | Found a transporter.
 14195 | Gauntlet | Identified the +2 hat of Kuuna {rCorr}
 14197 | Gauntlet | Found a transporter.
 14199 | Gauntlet | Found a transporter.
 14223 | Gauntlet | Found a transporter.
 14225 | Gauntlet | Found a transporter.
 14398 | Gauntlet | Noticed a fire giant
 14444 | Gauntlet | Noticed a two-headed ogre
 14444 | Gauntlet | a steelbarb worm changed into a two-headed ogre
 14468 | Gauntlet | HP: 17/106 [fire crab (shapeshifter)] (21)]
 14475 | Gauntlet | HP: 17/106 [small abomination (8)]
 14490 | Gauntlet | HP: 15/106 [small abomination (15)]
 14495 | Gauntlet | HP: 10/106 [small abomination (10)]
 14629 | Gauntlet | Noticed an azure jelly
 14648 | Gauntlet | Noticed a shock serpent
 14648 | Gauntlet | a lindwurm changed into a shock serpent
 14658 | Gauntlet | a shock serpent changed into a lindwurm
 14681 | Gauntlet | Noticed a dire elephant
 14681 | Gauntlet | an azure jelly changed into a dire elephant
 14725 | Gauntlet | Noticed a shock serpent
 14727 | Gauntlet | a shock serpent changed into a moth of wrath
 14766 | Gauntlet | Noticed a radroach
 14766 | Gauntlet | a slime creature changed into a radroach
 14770 | Gauntlet | Noticed a fenstrider witch
 14825 | Gauntlet | Killed a death yak
 14827 | Gauntlet | Mangled by a death yak simulacrum

Illustrated notes

Levels and vault maps discovered:
D:1:      zelgadis_glass_arrival_small, layout_rooms,
          shapermc_ecumenical_altar_starsandcircs, minmay_vboxes
D:2:      wander_river, layout_rooms, basic_altar
D:3:      minmay_chambers_of_threes, layout_loops_ring
D:4:      layout_cave_pools, lemuel_crystal_altar, uniq_edmund
D:5:      layout_loops_cross, minmay_temple_entry_overgrown,
          nicolae_shop_firing_range
D:6:      layout_cave_pods, lemuel_round_altar, minmay_overflow_temple_hex,
          uniq_menkaure
D:7:      layout_loops_ring, mainiacjoe_overflow_tiny_flanked
D:8:      layout_gridville, erik_lair_orcish_takeover, serial_co_window_serial,
          co_window_paths_b, co_window_paths_b, co_window_of_opportunity_a,
          co_window_paths_a, co_window_paths_b, co_window_of_opportunity_a,
          co_window_of_opportunity_a, co_window_of_opportunity_b,
          co_window_broadway_a, co_window_paths_c, co_window_unsneaky_path_e,
          co_window_corner_cb, glass_columns_c, glass_columns_b,
          glass_columns_a, glass_columns_a, glass_columns_a
D:9:      layout_basic, minmay_diamond_spiral
D:10:     layout_loops_corners, kennysheep_just_a_vault
Temple:   dshaligram_water_room_temple
Lair:1:   layout_gridlike, dpeg_stationary_puzzle, grunt_megastairs_5,
          uniq_maggie
Lair:2:   layout_small_grid, gauntlet_entry_generic
Gauntlet: gammafunk_gauntlet_one_two_three [gammafunk_gauntlet_arena_teeth,
          nicolae_gauntlet_arena_blocks, gammafunk_gauntlet_arena_corners,
          gammafunk_gauntlet_arena_arrow_garden,
          gammafunk_gauntlet_arena_hedges, nicolae_gauntlet_arena_t_cross,
          nicolae_gauntlet_arena_grate_2, gammafunk_gauntlet_arena_mazey,
          nicolae_gauntlet_arena_x, gauntlet_exit_hidden_loot]

Skill      XL: |  1  2  3  4  5  6  7  8  9 10 11 12 |
---------------+-------------------------------------+-----
Stealth        | 2 |  2.2
Summonings     | 5 6 7 9 10 11 12 13 14 | 14.8
Spellcasting   | 3 4 |  4.2
Fighting       | 1 4 6 9 12 | 12.7
Armour         | 1 4 6 |  6.1
Shields        | 2 4 |  4.0
Air Magic      | 2 3 |  3.0
Dodging        | 4 5 |  5.6
Polearms       | 2 5 |  5.1
Translocations | 2 |  2.6
Maces & Flails | 4 5 |  5.0

Action                   |  1- 3 |  4- 6 |  7- 9 | 10-12 || total
-------------------------+-------+-------+-------+-------++-------
Melee: Unarmed           |    13 |       |       |       ||    13
       Whip              |    61 |    76 |       |       ||   137
       Falchion          |       |    44 |    22 |       ||    66
       Flail             |       |       |    48 |       ||    48
       Punch             |       |       |     2 |       ||     2
       Long sword        |       |       |    18 |    20 ||    38
       Spear             |       |       |    31 |       ||    31
       Trident           |       |       |    24 |   204 ||   228
       Dagger            |       |       |     1 |     5 ||     6
       Mace              |       |       |       |    11 ||    11
Throw: Stone             |    13 |     1 |    37 |       ||    51
       Javelin           |       |     6 |     3 |       ||     9
       Dart              |       |       |    34 |    22 ||    56
 Cast: Summon Small Mamm |    22 |    17 |    11 |       ||    50
       Call Imp          |     8 |    15 |    16 |    12 ||    51
       Call Canine Famil |       |    13 |    23 |    34 ||    70
       Summon Guardian G |       |     1 |     5 |    13 ||    19
       Summon Lightning  |       |       |     4 |    38 ||    42
       Blink             |       |       |       |     1 ||     1
Invok: Curse Item        |       |       |     2 |     1 ||     3
 Abil: Hop               |       |       |     1 |     6 ||     7
Evoke: Wand              |       |       |     1 |    20 ||    21
  Use: Scroll            |       |       |    11 |     3 ||    14
       Potion            |       |       |     1 |     3 ||     4
 Stab: Distracted        |     1 |     1 |     3 |     4 ||     9
       Sleeping          |     3 |     2 |     2 |       ||     7
       Paralysed         |       |       |       |     5 ||     5
Armor: Robe              |    11 |       |       |       ||    11
       Leather armour    |       |    40 |    35 |    10 ||    85
       Troll leather arm |       |       |       |    54 ||    54
Dodge: Dodged            |    58 |   120 |   126 |   216 ||   520
Block: Buckler           |       |       |    19 |    63 ||    82
